 Dungeon Crawl Stone Soup version 0.30.0-29-ga12c61a403 (webtiles) character file.

Game seed: 3050620745654440242

494 McKennaii the Conjurer (level 6, -1/45 HPs)
             Began as a Demigod Conjurer on June 6, 2023.
             Slain by a bullfrog (4 damage)
             ... on level 4 of the Dungeon.
             The game lasted 00:03:23 (4124 turns).

McKennaii the Conjurer (Demigod Conjurer)           Turns: 4124, Time: 00:03:24

Health: -1/45      AC:  3    Str:  8    XL:     6   Next: 60%
Magic:  11/16      EV: 12    Int: 28    God:
Gold:   246        SH:  0    Dex: 12    Spells: 7/14 levels left

rFire   . . .        (no weapon)
rCold   . . .        (no shield)
rNeg    . . .        a - +0 robe
rPois   +            (no helmet)
rElec   .            (no cloak)
rCorr   .            f - +0 pair of gloves
SInv    .            (no boots)
Will    .....        (no amulet)
Stlth   ++           e - ring of poison resistance
HPRegen 0.27/turn    (no ring)
MPRegen 0.15/turn

%: no passive effects
@: no status effects
A: high MP 1, forlorn, divine attributes
a: no special abilities


You were on level 4 of the Dungeon.
You visited 1 branch of the dungeon, and saw 4 of its levels.

You collected 246 gold pieces.

Inventory:

Armour
 a - a +0 robe (worn)
 f - a +0 pair of gloves (worn)
 p - a +1 ring mail of fire resistance
Jewellery
 e - a ring of poison resistance (left hand)
Scrolls
 d - 5 scrolls of enchant weapon
 g - a scroll of butterflies {unknown}
 i - a scroll of blinking
 k - 4 scrolls of identify {unknown}
 l - 2 scrolls of magic mapping {unknown}
 m - a scroll of poison {unknown}
 n - a scroll of acquirement {unknown}
Potions
 b - a potion of magic
 c - 2 potions of curing {unknown}
 h - a potion of haste
 j - a potion of cancellation {unknown}
 o - a potion of invisibility {unknown}


   Skills:
 - Level 1.7 Dodging
 - Level 1.7 Stealth
 + Level 4.6 Spellcasting
 + Level 5.9 Conjurations


You had 7 spell levels left.
You knew the following spells:

 Your Spells              Type           Power      Damage    Failure   Level
a - Magic Dart            Conj           100%       1d8       1%          1
b - Searing Ray           Conj           78%        2d7       1%          2
c - Iskenderun's Mystic   Conj/Tloc      23%        2d6       21%         4

Your spell library contained the following spells:

 Spells                   Type           Power      Damage    Failure   Level
 Dazzling Flash           Conj/Hex       46%        N/A       6%          3
 Stone Arrow              Conj/Erth      46%        3d9       6%          3
 Sandblast                Erth           12%        2d6       7%          1
 Ensorcelled Hibernation  Hex/Ice        12%        N/A       11%         2
 Passwall                 Tmut/Erth      5%         N/A       11%         2
 Fulminant Prism          Conj/Hex       11%        3d8       21%         4
 Swiftness                Air            6%         N/A       22%         3


Dungeon Overview and Level Annotations

Branches:
Dungeon (4/15)
 Temple: D:4-7

Shops:
D:1 :   D:3 =

Annotations:
D:4 Edmund


Innate Abilities, Weirdness & Mutations

You have an increased reservoir of magic. (+10% MP)
You shall have no god before yourself.
Your divine heritage dramatically boosts your attributes as you level up.


Message History

It was a scroll of blinking.
The bullfrog hits you.
Casting: Searing Ray (safe; 1% risk of failure)
Confirm with . or Enter, or press ? or * to list all spells.
Aiming: Searing Ray (safe; 1% risk of failure)
Press: ? - help, Shift-Dir - straight line, f - bullfrog
Aim: a bullfrog (76% to hit)
The searing ray misses the bullfrog.
The searing ray misses the orc warrior.
The searing ray hits Edmund but does no damage.
Edmund is lightly wounded. (Press . to maintain the ray.)
The bullfrog barely misses you. The bullfrog hits you.
Unknown command.
The searing ray hits the bullfrog!
The bullfrog is moderately wounded.
The searing ray misses the orc warrior.
The searing ray hits Edmund.
Edmund is moderately wounded.
The bullfrog hits you.
The orc warrior hits you from afar with a +0 halberd!
Unknown command.
The searing ray hits the bullfrog!
The bullfrog is almost dead.
The searing ray misses the orc warrior.
The searing ray hits Edmund!
Edmund is heavily wounded.
The bullfrog barely misses you. The bullfrog hits you!
* * * LOW HITPOINT WARNING * * *
The orc warrior hits you from afar with a +0 halberd.
* * * LOW HITPOINT WARNING * * *
The searing ray misses the bullfrog.
The searing ray hits the orc warrior!
The orc warrior is moderately wounded.
The searing ray hits Edmund.
Edmund is heavily wounded.
You finish channelling your searing ray.
The bullfrog closely misses you.
The orc warrior hits you from afar with a +0 halberd.
* * * LOW HITPOINT WARNING * * *
Unknown command.
The bullfrog attacks as you move away! The bullfrog misses you.
The bullfrog releases a deep croak.
The bullfrog hits you.
You die...

# #.##..# .# ##
##.##.... .# .##
#...##..... ..#
#.###...@########.#
##..#....## #.# #
#..###...# #.##.#
##.##
##..#######....#
#..#
#....@o.F..##.#
#.##
#(...####@....#
#.## #...## #..####
##.## #..## ##.#
##.## #..# #.#
##.###### #.# #..##
##.## ##..# #...##
###...# ####....##
##.....#
##........#


You could see Edmund, an orc warrior and a bullfrog.

Vanquished Creatures
  Grinder (D:4)
  A black bear (D:4)
  Natasha (twice) (D:4)
  2 adders
  7 gnolls
  2 worms
  2 dart slugs
  8 orcs
  6 endoplasms
  5 giant cockroaches
  5 goblins
  6 hobgoblins
  7 kobolds
  5 quokkas
  5 ball pythons
  3 bats
  4 frilled lizards
  7 rats
78 creatures vanquished.

Notes
Turn   | Place    | Note
-------+----------+-------------------------------------------
     0 | D:1      | McKennaii the Demigod Conjurer began the quest for the Orb.
     0 | D:1      | Reached XP level 1. HP: 14/14 MP: 5/5
   139 | D:1      | Found Zyonedi's Book Emporium.
   259 | D:1      | Reached XP level 2. HP: 20/20 MP: 2/7
   479 | D:1      | Reached skill level 4 in Conjurations
   976 | D:2      | Reached XP level 3. HP: 26/26 MP: 4/9
  2200 | D:3      | Found Byfifas's Jewellery Shop.
  2250 | D:3      | Noticed a +0 dagger
  2263 | D:3      | Noticed a +0 hand axe
  2780 | D:3      | Reached XP level 4. HP: 33/33 MP: 0/11
  3256 | D:4      | Noticed Natasha
  3261 | D:4      | Killed Natasha
  3293 | D:4      | Learned a level 2 spell: Searing Ray
  3298 | D:4      | Learned a level 4 spell: Iskenderun's Mystic Blast
  3302 | D:4      | Noticed a black bear
  3355 | D:4      | Killed a black bear
  3356 | D:4      | Reached skill level 5 in Conjurations
  3356 | D:4      | Reached XP level 5. HP: 38/38 MP: 4/13
  3526 | D:4      | Noticed Grinder
  3533 | D:4      | Killed Grinder
  3534 | D:4      | Reached XP level 6. HP: 29/45 MP: 4/15
  4029 | D:4      | Noticed Natasha
  4034 | D:4      | Killed Natasha
  4095 | D:4      | Noticed Edmund
  4124 | D:4      | Slain by a bullfrog

Illustrated notes

Levels and vault maps discovered:
D:1:      lightli_arrival_maybe_door_vault, layout_rooms, serial_shops, shop
D:2:      layout_loops_ring, basic_altar
D:3:      layout_basic, brannock_xom_greatest_gift,
          lemuel_coloured_pillars_altar, dancing_weapons_uskayaw,
          nemelex_diamond_rough_becter, serial_shops, shop
D:4:      layout_layer_cave, mainiacjoe_overflow_swirl, minmay_manual_monolith,
          uniq_edmund, uniq_natasha, uniq_grinder

Skill      XL: |  1  2  3  4  5 |
---------------+----------------+-----
Spellcasting   | 2 3 4 |  4.6
Conjurations   | 4 5 |  5.9
Dodging        | |  1.7
Stealth        | |  1.7

Action                     |  1- 3 |  4- 6 || total
---------------------------+-------+-------++-------
  Melee: Unarmed           |    17 |       ||    17
         Punch             |     2 |       ||     2
   Cast: Magic Dart        |   132 |    50 ||   182
         Searing Ray       |       |     7 ||     7
    Use: Scroll            |       |     2 ||     2
 Armour: Robe              |     3 |     4 ||     7
  Dodge: Dodged            |    23 |    20 ||    43
